 Dungeon Crawl Stone Soup version 0.32-a0-975-g85d4e5bfdb (webtiles) character file.

Game seed: 11175720064487933974

3205 HilariousDeathArtist the Skirmisher (level 9, 0/73 (76) HPs)
             Began as a Coglin Hexslinger on Apr 18, 2024.
             Was an Elder of Okawaru.
             Slain by a wraith (9 damage)
             ... on level 6 of the Dungeon.
             The game lasted 00:07:59 (5805 turns).

HilariousDeathArtist the Skirmisher (CoHs)          Turns: 5805, Time: 00:07:59

HP:   0/73 (76)     AC:  5    Str:  9    XL:     9   Next: 96%
MP:   10/10         EV: 11    Int: 13    God:    Okawaru [****..]
Gold: 382           SH:  0    Dex: 20    Spells: 10/10 levels left

rFire   + . .        a - +2 sling {Cedro}
rCold   . . .        o - +0 sling {Jingyi}
rNeg    . . .        f - +1 robe {rF+}
rPois   .            (no helmet)
rElec   .            k - +0 cloak
rCorr   .            (no gloves)
SInv    .            r - +0 pair of boots
Will    .....        (amulet unavailable)
Stlth   ++           (ring unavailable)
HPRegen 0.32/turn    (ring unavailable)
MPRegen 0.12/turn    (no gizmo)

%: no passive effects
@: slowed, studying Throwing, lightly drained, revved, very slow
A: off-hand wielding, slow wielding, warmup strikes, no jewellery
a: Invent Gizmo, Renounce Religion, Heroism, Finesse


You were on level 6 of the Dungeon.
You worshipped Okawaru.
Okawaru was greatly pleased with you.
You visited 1 branch of the dungeon, and saw 7 of its levels.
You also visited: Ossuary.

You collected 382 gold pieces.

Inventory:

Hand Weapons
 a - a +2 sling (weapon) {Cedro}
 e - a +2 short sword of venom
   (You found it on level 5 of the Dungeon)
 o - a +0 sling (offhand) {Jingyi}
   (You took it off a goblin on level 2 of the Dungeon)
 p - the +9 quarterstaff of Dust {heavy, rC- rCorr Int-2 Stlth+}
   (You found it on level 2 of the Dungeon)

   Int-2:     It affects your intelligence (-2).
   rC-:       It makes you vulnerable to cold.
   rCorr:     It protects you from acid and corrosion.
   Stlth+:    It makes you more stealthy.
Missiles
 g - 10 poisoned darts
 h - 2 throwing nets {!d}
 i - 2 javelins
 l - a boomerang
 s - 38 stones
Armour
 f - a +1 robe of fire resistance (worn)
   (You took it off an orc wizard on level 5 of the Dungeon)
 k - a +0 cloak (worn)
   (You found it on level 4 of the Dungeon)
 r - a +0 pair of boots (worn)
   (You found it on level 3 of the Dungeon)
Magical Staves
 w - a staff of death {rN+}
   (You found it on level 6 of the Dungeon)
Wands
 j - a wand of polymorph (2)
   (You found it on level 4 of the Dungeon)
 q - a wand of flame (7)
   (You found it on level 6 of the Dungeon)
Scrolls
 c - a scroll of acquirement
 d - a scroll of enchant armour
 m - a scroll of enchant weapon
 u - a scroll of noise {unknown}
 v - a scroll of amnesia
 D - a scroll of blinking {!r}
 S - a scroll of summoning
 V - a scroll of vulnerability {!r!r}
 Y - 6 scrolls of teleportation {@r3}
Potions
 b - 3 potions of attraction {unknown}
 n - 2 potions of enlightenment
 t - 2 potions of heal wounds {unknown}
 x - a potion of ambrosia {unknown}
 J - 2 potions of curing {@q1}
 P - a potion of lignification {!q}
 U - a potion of mutation {!q}


   Skills:
 + Level 9.1 Fighting
 + Level 9.6 Ranged Weapons
 - Level 1.7 Dodging
 - Level 1.0 Spellcasting
 - Level 2.6 Hexes
 - Level 0.8 Fire Magic


You had 10 spell levels left.
You didn't know any spells.
Your spell library contained the following spells:

 Spells                   Type           Power      Damage    Failure   Level
 Jinxbite                 Hex            14%        N/A       14%         2
 Ensorcelled Hibernation  Hex/Ice        8%         N/A       24%         2
 Sting                    Conj/Alch      0%         1d3       28%         1
 Sigil of Binding         Hex            7%         N/A       28%         3
 Mercury Vapours          Alch/Air       0%         N/A       38%         2
 Inner Flame              Hex/Fire       5%         N/A       38%         3
 Dazzling Flash           Conj/Hex       8%         N/A       43%         3
 Hailstorm                Conj/Ice       0%         3d5       63%         3
 Mephitic Cloud           Conj/Alch/Air  0%         N/A       63%         3
 Passwall                 Erth           0%         N/A       63%         3
 Swiftness                Air            0%         N/A       63%         3
 Cause Fear               Hex            3%         N/A       67%         4
 Dimensional Bullseye     Hex/Tloc       2%         N/A       85%         4
 Iskenderun's Mystic Bla Conj/Tloc 0%             2d3        (+2d1     95%         4
 Olgreb's Toxic Radiance  Alch           0%         N/A       95%         4
 Silence                  Hex/Air        2%         N/A       99%         5
 Permafrost Eruption      Ice/Erth       0%         2x4d1     100%        6
 Ozocubu's Refrigeration  Ice            0%         4d7       100%        7
 Polar Vortex             Ice            0%         N/A       100%        9
 Tukima's Dance           Hex            Unusable   N/A       N/A         3
 Summon Ice Beast         Ice/Summ       Unusable   N/A       N/A         3
 Sculpt Simulacrum        Ice/Alch       Unusable   N/A       N/A         6

Dungeon Overview and Level Annotations

Branches:
Dungeon (7/15)            Ossuary (visited)
 Temple: D:4-7

Altars:
Gozag
Kikubaaqudgha
Okawaru
Ru
Wu Jian


Innate Abilities, Weirdness & Mutations

You can wield a second weapon in your off-hand.
It takes a long time for you to wield or remove held weapons.
Your first few attacks do less damage.
You cannot equip rings or amulets.


Message History

The sling bullet barely misses the hound.
The white imp picks up a beetle and eats it.
The hound bites you but does no damage.
You shoot a sling bullet. The sling bullet hits the hound.
You kill the hound!
Okawaru accepts your kill.
You shoot a sling bullet. You shoot a sling bullet.
The sling bullet hits the wraith but does no damage.
You shoot a sling bullet.
The sling bullet closely misses the wraith.
You shoot a sling bullet. The sling bullet hits the wraith.
You shoot a sling bullet. The sling bullet hits the wraith.
The wraith misses you.
You shoot a sling bullet.
The sling bullet hits the wraith but does no damage.
You shoot a sling bullet.
The sling bullet hits the wraith but does no damage.
The wraith hits you! The white imp misses you.
You shoot a sling bullet.
The sling bullet closely misses the wraith.
You shoot a sling bullet.
The sling bullet hits the wraith but does no damage.
The wraith hits you. The wraith drains your vigour!
You feel yourself slow down.
The white imp hits you but does no damage.
You take 15 damage, and have 57/73 hp.
MASSIVE DAMAGE!!
The white imp hits you but does no damage.
The white imp hits you. The white imp freezes you. The wraith hits you!
The wraith drains your vigour!
You feel as though you will be slow longer.
You take 9 damage, and have 48/73 hp.
The white imp attacks as it pursues you!
The white imp hits you. The white imp freezes you.
The wraith attacks as it pursues you! The wraith misses you.
You take 4 damage, and have 44/73 hp.
The white imp gestures at you. The puff of frost hits you.
You take 5 damage, and have 39/73 hp.
You are too injured to fight recklessly!
You shoot a sling bullet. The sling bullet hits the white imp.
You shoot a sling bullet. The sling bullet hits the white imp!
The white imp misses you.
You shoot a sling bullet. The sling bullet hits the white imp.
You kill the white imp!
Okawaru accepts your kill.
You shoot a sling bullet.
The sling bullet barely misses the wraith.
You shoot a sling bullet.
The sling bullet hits the wraith but does no damage.
You shoot a sling bullet. The sling bullet hits the wraith.
The wraith hits you. The wraith drains your vigour!
You feel as though you will be slow longer.
The wraith misses you.
You take 4 damage, and have 36/73 hp.
You shoot a sling bullet.
The sling bullet completely misses the wraith.
You shoot a sling bullet.
The sling bullet hits the wraith but does no damage.
The wraith hits you! The wraith drains your vigour!
You feel as though you will be slow longer.
You take 12 damage, and have 24/73 hp.
You shoot a sling bullet.
The sling bullet barely misses the wraith.
You shoot a sling bullet.
The sling bullet closely misses the wraith.
The wraith misses you.
You shoot a sling bullet.
The sling bullet hits the wraith but does no damage.
You shoot a sling bullet.
The sling bullet hits the wraith but does no damage.
The wraith barely misses you. The wraith closely misses you.
You shoot a sling bullet.
The sling bullet closely misses the wraith.
You shoot a sling bullet. The sling bullet hits the wraith.
The wraith hits you but does no damage.
You shoot a sling bullet.
The sling bullet hits the wraith but does no damage.
You shoot a sling bullet. The sling bullet hits the wraith.
The wraith hits you but does no damage.
You shoot a sling bullet.
The sling bullet hits the wraith but does no damage.
You shoot a sling bullet.
The sling bullet closely misses the wraith.
The wraith hits you but does no damage. The wraith hits you!
* * * LOW HITPOINT WARNING * * *
You take 12 damage, and have 14/73 hp.
You shoot a sling bullet.
The sling bullet closely misses the wraith.
You shoot a sling bullet.
The sling bullet hits the wraith but does no damage.
The wraith misses you.
You shoot a sling bullet.
The sling bullet hits the wraith but does no damage.
You shoot a sling bullet. The sling bullet hits the wraith.
The wraith hits you.
* * * LOW HITPOINT WARNING * * *
The wraith hits you!
You die...

#### ..# #.# #####
#.##############....
#######.W@...........>....
........##############.###
.######.# #####......###
....###.#####......##..#..
..............###...)..#.#
....###.............#.##.#
....###..########.....##.#
........)# ##..####.#
....####)# #..# #.#


You could see a wraith.

Vanquished Creatures
  Prince Ribbit (D:5)
  Grinder (D:5)
  Eustachio (D:5)
  Menkaure (Ossuary)
  A sky beast (D:6)
  2 ice beasts
  3 ogres
  Pargi (D:4)
  A black bear (D:6)
  An orc warrior (D:7)
  A centaur (D:6)
  5 scorpions
  10 wights
  2 bombardier beetles
  4 hounds
  A jelly (D:6)
  A gnoll bouda (D:6)
  2 sleepcaps (D:5)
  4 iguanas
  4 orc wizards
  3 mummies (Ossuary)
  11 gnolls
  8 adders
  A shadow imp (D:7)
  2 white imps
  4 adder zombies (D:2)
  An adder skeleton (D:2)
  2 dart slugs
  13 orcs
  6 bats
  A bat skeleton (D:2)
  A bat zombie (D:2)
  4 endoplasms
  A giant cockroach (D:1)
  4 gnoll zombies (Ossuary)
  A goblin (D:2)
  5 hobgoblins
  4 jackals (D:3)
  5 quokkas
  4 ball pythons
  3 ball python skeletons (D:2)
  3 frilled lizards
  A giant cockroach zombie (D:2)
  3 gnoll skeletons (Ossuary)
  4 goblin skeletons (Ossuary)
  2 goblin zombies (Ossuary)
  3 hobgoblin skeletons (Ossuary)
  6 hobgoblin zombies (Ossuary)
  A jackal zombie (D:5)
  5 kobolds
  5 kobold skeletons (Ossuary)
  3 kobold zombies (Ossuary)
  7 orc skeletons (Ossuary)
  7 orc zombies (Ossuary)
  5 rats
  3 rat skeletons (Ossuary)
  3 rat zombies (Ossuary)
192 creatures vanquished.

Notes
Turn   | Place    | Note
-------+----------+-------------------------------------------
     0 | D:1      | HilariousDeathArtist the Coglin Hexslinger began the quest
                  | for the Orb.
     0 | D:1      | Reached XP level 1. HP: 15/15 MP: 2/2
    40 | D:1      | Reached skill level 2 in Ranged Weapons
   234 | D:1      | Reached XP level 2. HP: 21/21 MP: 3/3
   589 | D:2      | Reached skill level 3 in Ranged Weapons
   597 | D:2      | Reached XP level 3. HP: 26/26 MP: 4/4
   750 | D:2      | Reached XP level 4. HP: 31/32 MP: 5/5
   785 | D:2      | Reached skill level 4 in Ranged Weapons
  1088 | D:2      | Identified the +9 quarterstaff of Dust {heavy, rC- rCorr
                  | Int-2 Stlth+}
  1150 | D:3      | Reached XP level 5. HP: 37/37 MP: 6/6
  1162 | D:3      | Found an iron altar of Okawaru.
  1173 | D:3      | Became a worshipper of Warmaster Okawaru
  1211 | D:3      | Identified the flux talisman "Sesal" {rElec rPois rF+
                  | Int-5}
  1929 | D:4      | HP: 8/37 [something/puff of flame (8)]
  1931 | D:4      | Gained mutation: You possess an exceptional clarity of
                  | mind. [potion of mutation]
  1931 | D:4      | Lost mutation: You possess an exceptional clarity of mind.
                  | [potion of mutation]
  1943 | D:4      | Noticed Pargi
  1948 | D:4      | Reached skill level 5 in Ranged Weapons
  1968 | D:4      | Killed Pargi
  1969 | D:4      | Reached skill level 2 in Fighting
  1969 | D:4      | Reached XP level 6. HP: 18/46 MP: 7/7
  2142 | D:4      | Reached skill level 3 in Fighting
  2154 | D:4      | Reached * piety under Okawaru
  2164 | D:4      | Reached XP level 7. HP: 52/52 MP: 8/8
  2273 | D:4      | Found an ancient bone altar of Kikubaaqudgha.
  2425 | D:4      | Reached skill level 6 in Ranged Weapons
  2467 | D:4      | Reached skill level 4 in Fighting
  2826 | D:5      | Entered Level 5 of the Dungeon
  2905 | D:5      | Noticed Grinder
  2912 | D:5      | Killed Grinder
  2912 | D:5      | Reached ** piety under Okawaru
  2913 | D:5      | Reached skill level 5 in Fighting
  2915 | D:5      | Reached XP level 8. HP: 49/62 MP: 9/9
  2979 | D:5      | Found a sand-covered staircase.
  3015 | Ossuary  | Entered an ossuary
  3321 | Ossuary  | Reached skill level 7 in Ranged Weapons
  3352 | Ossuary  | Noticed Menkaure
  3360 | Ossuary  | Killed Menkaure
  3581 | D:5      | Reached skill level 6 in Fighting
  3699 | D:5      | Noticed Prince Ribbit
  3708 | D:5      | Killed Prince Ribbit
  3708 | D:5      | Reached *** piety under Okawaru
  3883 | D:5      | Reached skill level 7 in Fighting
  3883 | D:5      | Reached skill level 8 in Ranged Weapons
  3888 | D:5      | Reached XP level 9. HP: 28/72 MP: 10/10
  4034 | D:5      | Found an opulent altar of Gozag.
  4098 | D:5      | Noticed Eustachio
  4111 | D:5      | Killed Eustachio
  4279 | D:5      | You fall into a shaft and drop 2 floors!
  4325 | D:7      | Reached skill level 8 in Fighting
  4502 | D:6      | Reached **** piety under Okawaru
  4613 | D:6      | Reached skill level 9 in Ranged Weapons
  5335 | D:6      | Identified a scroll of acquirement
  5361 | D:6      | Found a sacrificial altar of Ru.
  5361 | D:6      | Found an ornate altar of the Wu Jian Council.
  5605 | D:6      | Reached skill level 9 in Fighting
  5803 | D:6      | HP: 14/73 [wraith (12)]
  5805 | D:6      | Slain by a wraith

Illustrated notes

Levels and vault maps discovered:
D:1:      lightli_arrival_windingriver, layout_basic,
          chequers_serial_rivers_large_a
D:2:      layout_rooms, serial_undead, serial_undead_b, serial_undead_a,
          serial_undead_b, serial_undead_d, serial_undead_d, serial_undead_a,
          serial_undead_d, serial_undead_d, serial_undead_a, serial_undead_f
D:3:      layout_basic, okawaru_ov_weapons_minmay, hangedman_decor_push
D:4:      layout_basic, mainiacjoe_overflow_paths, nicolae_titane, uniq_pargi
D:5:      layout_loops_ring, mainiacjoe_overflow_boulevard, enter_ossuary_3,
          nrook_mini_vaults, uniq_prince_ribbit1, uniq_eustachio, uniq_grinder
D:6:      layout_loops_ring, amethyst_overflow_temple_binary
D:7:      layout_rooms, minmay_temple_entry_enclosed_plants, uniq_jeremiah

Skill      XL: |  1  2  3  4  5  6  7  8  9 |
---------------+----------------------------+-----
Ranged Weapons | 2 3 4 5 6 8 9 |  9.6
Fighting       | 2 3 5 7 9 |  9.1
Dodging        | |  1.7
Spellcasting   | |  1.0
Hexes          | |  2.6
Fire Magic     | |  0.8

Action                     |  1- 3 |  4- 6 |  7- 9 || total
---------------------------+-------+-------+-------++-------
   Fire: Sling             |   162 |   278 |   842 ||  1282
  Throw: Javelin           |       |     2 |       ||     2
  Evoke: Wand              |       |       |     4 ||     4
    Use: Potion            |       |     5 |       ||     5
         Scroll            |       |     2 |     8 ||    10
 Armour: Robe              |    25 |    22 |   102 ||   149
         Skin              |       |     8 |       ||     8
  Dodge: Dodged            |    16 |    22 |    72 ||   110

Table legend: (Time is in decaauts)
 A = Elapsed time spent in this place.
 B = Non-inter-level travel time spent in this place.
 C = Inter-level travel time spent in this place.
 D = Time resting spent in this place.
 E = Time spent auto-exploring this place.
 F = Levels seen in this place.
 G = Mean time per level.
                   A        B        C        D        E       F      G
               +--------+--------+--------+--------+--------+-----+--------+
         Total |   5866 |   5689 |    177 |      7 |   4544 |   8 |  733.2 |
       Dungeon |   5356 |   5179 |    177 |      7 |   4192 |   7 |  765.1 |
       Ossuary |    509 |    509 |      0 |      0 |    352 |   1 |  509.0 |
               +--------+--------+--------+--------+--------+-----+--------+

Top non-repeatable levels by time:
     D:5: 1171 daAuts
     D:6: 1097 daAuts
     D:4: 976 daAuts
     D:3: 726 daAuts
     D:2: 602 daAuts
     D:1: 574 daAuts
 Ossuary: 509 daAuts
     D:7: 207 daAuts

Levels and vault maps discovered:
D:1:      lightli_arrival_windingriver, layout_basic,
          chequers_serial_rivers_large_a
D:2:      layout_rooms, serial_undead, serial_undead_b, serial_undead_a,
          serial_undead_b, serial_undead_d, serial_undead_d, serial_undead_a,
          serial_undead_d, serial_undead_d, serial_undead_a, serial_undead_f
D:3:      layout_basic, okawaru_ov_weapons_minmay, hangedman_decor_push
D:4:      layout_basic, mainiacjoe_overflow_paths, nicolae_titane, uniq_pargi
D:5:      layout_loops_ring, mainiacjoe_overflow_boulevard, enter_ossuary_3,
          nrook_mini_vaults, uniq_prince_ribbit1, uniq_eustachio, uniq_grinder
D:6:      layout_loops_ring, amethyst_overflow_temple_binary
D:7:      layout_rooms, minmay_temple_entry_enclosed_plants, uniq_jeremiah

Table legend: (Time is in decaauts)
 A = Elapsed time spent in this place.
 B = Non-inter-level travel time spent in this place.
 C = Inter-level travel time spent in this place.
 D = Time resting spent in this place.
 E = Time spent auto-exploring this place.
 F = Levels seen in this place.
 G = Mean time per level.
                   A        B        C        D        E       F      G
               +--------+--------+--------+--------+--------+-----+--------+
         Total |   5866 |   5689 |    177 |      7 |   4544 |   8 |  733.2 |
       Dungeon |   5356 |   5179 |    177 |      7 |   4192 |   7 |  765.1 |
       Ossuary |    509 |    509 |      0 |      0 |    352 |   1 |  509.0 |
               +--------+--------+--------+--------+--------+-----+--------+

Top non-repeatable levels by time:
     D:5: 1171 daAuts
     D:6: 1097 daAuts
     D:4: 976 daAuts
     D:3: 726 daAuts
     D:2: 602 daAuts
     D:1: 574 daAuts
 Ossuary: 509 daAuts
     D:7: 207 daAuts

Table legend:
 A = Kills in this place as a percentage of kills in the entire game.
 B = Kills by you in this place as a percentage of kills by you in the entire game.
 C = Kills by friends in this place as a percentage of kills by friends in the entire game.
 D = Other kills in this place as a percentage of other kills in the entire game.
 E = Experience gained in this place as a percentage of experience gained in the entire game.
 F = Experience gained in this place divided by the number of levels of this place that you have seen.
                   A       B       C       D       E      F
               +-------+-------+-------+-------+-------+----------------------
         Total | 100.0 | 100.0 |   N/A |   N/A | 100.0 | 572.4
       Dungeon |  71.9 |  71.9 |   N/A |   N/A |  93.9 | 614.1
       Ossuary |  28.1 |  28.1 |   N/A |   N/A |   6.1 | 280.0
               +-------+-------+-------+-------+-------+----------------------
